 Dungeon Crawl Stone Soup version 0.30-a0-4-ga7cffc901d (webtiles) character file.

Game seed: 4320502265439278761

19908 greenreed the Basher (level 12, -4/165 HPs)
             Began as a Green Draconian Berserker on Aug 22, 2022.
             Was an Elder of Trog.
             Slain by a centaur warrior
             ... wielding a +0 war axe
              (10 damage)
             ... on level 13 of the Dungeon.
             The game lasted 00:36:39 (15143 turns).

greenreed the Basher (Green Draconian Berserker)   Turns: 15143, Time: 00:36:41

Health: -4/165     AC: 13    Str: 25    XL:     12   Next: 40%
Magic:  21/21      EV: 14    Int:  8    God:    Trog [****..]
Gold:   744        SH:  0    Dex: 10    Spells: 11/11 levels left

rFire   . . .      SeeInvis .    x - +0 morningstar (vorpal)
rCold   . . .      Faith    .    (no shield)
rNeg    . . .      Spirit   .    (body armour unavailable)
rPois   +          Reflect  .    (helmet restricted)
rElec   .          Harm     .    y - scarf {repulsion}
rCorr   .          Rampage  .    k - +0 pair of gloves
Will    ++...                    (no boots)
Stlth   ..........               (no amulet)
HPRegen 1.37/turn                E - ring of magical power
MPRegen 0.17/turn                Q - +4 ring of protection

@: berserking, short of breath, strong-willed, regenerating, repel missiles,
very quick
A: breathe noxious fumes, AC +8, unfitting armour, poison resistance,
cold-blooded
a: Breathe Noxious Fumes, Renounce Religion, Berserk, Trog's Hand, Brothers in
Arms


You were on level 13 of the Dungeon.
You worshipped Trog.
Trog was greatly pleased with you.
You visited 1 branch of the dungeon, and saw 13 of its levels.

You collected 744 gold pieces.

Inventory:

Hand Weapons
 a - a +0 mace
 q - a +2 flail of holy wrath
 x - a +0 vorpal morningstar (weapon)
 J - a +6 battleaxe of flaming
 L - the +6 dagger "Ogre's Demise" {protect, +Blink rPois rC- Will+}
   (You found it on level 8 of the Dungeon)

   It grants its wielder temporary protection when it strikes (+7 to AC).
   rC:        It makes you vulnerable to cold.
   rPois:     It protects you from poison.
   +Blink:    It lets you blink.
   Will:      It increases your willpower.
Missiles
 i - 22 poisoned darts
 R - a curare-tipped dart
 S - 3 atropa-tipped darts
Armour
 k - a +0 pair of gloves (worn)
 y - a scarf of repulsion (worn)
Jewellery
 E - a ring of magical power (left hand)
 Q - a +4 ring of protection (right hand)
Wands
 c - a wand of iceblast (9)
 w - a wand of mindburst (11)
 F - a wand of paralysis (15)
 P - a wand of acid (9)
Scrolls
 b - 5 scrolls of enchant armour
 d - 3 scrolls of immolation {unknown}
 e - 4 scrolls of poison {unknown}
 f - 10 scrolls of teleportation
 g - 2 scrolls of noise
 j - a scroll of torment {unknown}
 l - 3 scrolls of blinking
 m - 2 scrolls of fear
 o - 4 scrolls of enchant weapon
 r - 2 scrolls of fog
 t - 4 scrolls of amnesia {unknown}
 A - 3 scrolls of magic mapping
 G - 2 scrolls of vulnerability {unknown}
 K - a scroll of silence {unknown}
 O - a scroll of brand weapon
Potions
 h - 3 potions of curing
 n - 3 potions of lignification {unknown}
 p - a potion of mutation {unknown}
 s - a potion of invisibility {unknown}
 u - a potion of resistance {unknown}
 v - a potion of ambrosia {unknown}
 z - 5 potions of flight {unknown}
 B - a potion of cancellation {unknown}
 C - a potion of heal wounds {unknown}
 D - 3 potions of might
 H - a potion of attraction {unknown}
 I - 3 potions of brilliance {unknown}
 M - 2 potions of berserk rage {unknown}
 N - a potion of degeneration {unknown}


   Skills:
 + Level 11.2 Fighting
 + Level 14.9 Maces & Flails
 + Level 0.1 Throwing
 + Level 7.9 Dodging
 + Level 7.5 Stealth
 + Level 0.9 Evocations


You had 11 spell levels left.
You didn't know any spells.
Your spell library was empty.

Dungeon Overview and Level Annotations

Branches:
Dungeon (13/15)            Temple (0/1) D:6            Lair (0/5) D:8
    Orc (0/2) D:9
 Vaults: D:13-14

Altars:
Ashenzari
Dithmenos
Elyvilon
Fedhas
Hepliaklqana
Kikubaaqudgha
Nemelex Xobeh
Qazlal
Trog
Xom
Yredelemnul

Portals:
Trove: D:10 (give 2 scrolls of acquirement)


Innate Abilities, Weirdness & Mutations

You can breathe blasts of noxious fumes.
Your lurid green scales are hard. (AC +8)
You cannot fit into any form of body armour.
Your system is resistant to poisons. (rPois)
You are cold-blooded and may be slowed by cold attacks.


Message History

The centaur warrior hits you with a +0 war axe!
The centaur warrior goes berserk!
The centaur warrior completely misses you.
Your ogre goes berserk!
The centaur warrior hits you with a +0 war axe!!
The centaur warrior kicks you.
The centaur warrior hits you with a +0 war axe!
* * * LOW HITPOINT WARNING * * *
The centaur warrior kicks you but does no damage.
You swap places.
The centaur warrior hits you but does no damage.
The centaur warrior hits your ogre with a +0 war axe!
The centaur warrior kicks you.
* * * LOW HITPOINT WARNING * * *
Your ogre hits the centaur warrior with a +0 giant spiked club!!!
The centaur warrior hits your ogre with a +0 war axe!!
The centaur warrior kicks your ogre!
Your ogre dies!
Your ogre's corpse disappears in a puff of smoke!
The centaur warrior hits you with a +0 war axe!!
* * * LOW HITPOINT WARNING * * *
The centaur warrior kicks you but does no damage.
You feel better.
The centaur warrior barely misses you. x2
The centaur warrior closely misses you.
The centaur warrior kicks you but does no damage.
Your skin crawls.
You feel strong-willed.
The centaur warrior hits you with a +0 war axe!
* * * LOW HITPOINT WARNING * * *
The centaur warrior kicks you but does no damage.
The centaur warrior barely misses you. The centaur warrior kicks you.
* * * LOW HITPOINT WARNING * * *
A red film seems to cover your vision as you go berserk!
You feel yourself moving faster!
You feel mighty! Trog will no longer gift you weapons.
The centaur warrior hits you with a +0 war axe!
* * * LOW HITPOINT WARNING * * *
The centaur warrior barely misses you.
The centaur warrior hits you with a +0 war axe!
You die...

#### ####..#####
#<........#
#@.......#
#c.......#
######...[...##
##..........<##
##............##
#..............#
#..............#
#..............#
#.............##


You could see a centaur warrior (berserk).

Vanquished Creatures
  A centaur warrior (D:11)
  Erica (D:11)
  A boulder beetle (D:12)
  4 two-headed ogres
  The ghost of xian the Markself, a novice DEHu of Hepliaklqana (D:12)
  A fire crab (shapeshifter) (D:12)
  Pikel (D:4)
  3 deep elf pyromancers (D:12)
  An ugly thing (D:12)
  2 manticores
  2 gargoyles
  Psyche (D:8)
  An efreet (D:13)
  A komodo dragon (D:10)
  An unseen horror (D:12)
  A tengu conjurer (D:12)
  3 trolls
  2 hornets
  4 slime creatures
  A shadow (D:9)
  A vampire (D:12)
  16 yaks (D:10)
  3 wraiths
  4 vampire mosquitoes
  A steam dragon (D:10)
  An acid dragon (D:11)
  Edmund (D:4)
  Menkaure (D:7)
  A water moccasin (D:6)
  2 orc warriors
  2 ice beasts
  2 black bears
  An ogre (D:6)
  9 centaurs
  A phantom (D:5)
  2 kobold brigands
  4 bullfrogs
  A necrophage (D:6)
  3 gnoll sergeants
  3 scorpions
  12 wights (D:8)
  10 howler monkeys
  4 orc priests
  5 jellies
  Crazy Yiuf (D:5)
  6 iguanas
  8 orc wizards
  13 adders
  6 gnolls
  2 white imps (D:7)
  An ufetubus (D:6)
  A dart slug (D:3)
  5 worms
  41 orcs
  5 bats
  7 endoplasms
  3 giant cockroaches
  5 goblins
  13 hobgoblins
  10 jackals
  15 kobolds
  3 quokkas
  8 ball pythons
  2 frilled lizards (D:2)
  6 rats
284 creatures vanquished.

Notes
Turn   | Place    | Note
-------+----------+-------------------------------------------
     0 | D:1      | greenreed the Draconian Berserker began the quest for the
                  | Orb.
     0 | D:1      | Reached XP level 1. HP: 19/19 MP: 1/1
   251 | D:1      | Found a faded altar of an unknown god.
   302 | D:1      | Reached XP level 2. HP: 21/26 MP: 2/2
   926 | D:2      | Reached ** piety under Trog
  1015 | D:2      | Reached XP level 3. HP: 32/33 MP: 3/3
  1993 | D:3      | Reached XP level 4. HP: 40/40 MP: 4/4
  2020 | D:3      | Reached skill level 4 in Maces & Flails
  2345 | D:3      | Found a bloodstained altar of Trog.
  2476 | D:3      | Reached *** piety under Trog
  2482 | D:3      | Reached XP level 5. HP: 43/46 MP: 5/5
  2915 | D:4      | Noticed Edmund
  2981 | D:4      | Killed Edmund
  2982 | D:4      | Reached skill level 5 in Maces & Flails
  2982 | D:4      | Reached XP level 6. HP: 22/53 MP: 6/6
  3468 | D:4      | Noticed Pikel
  3480 | D:4      | Killed Pikel
  3481 | D:4      | Reached skill level 5 in Fighting
  3481 | D:4      | Reached skill level 6 in Maces & Flails
  3481 | D:4      | Reached skill level 1 in Stealth
  3481 | D:4      | Your scales start taking on a lurid green colour.
  3481 | D:4      | Reached XP level 7. HP: 54/61 MP: 7/7
  3481 | D:4      | Gained mutation: Your system is resistant to poisons.
                  | (rPois) [Green Draconian growth]
  3965 | D:4      | Reached skill level 7 in Maces & Flails
  4224 | D:5      | Entered Level 5 of the Dungeon
  4320 | D:5      | Reached XP level 8. HP: 35/70 MP: 8/8
  4796 | D:5      | Reached skill level 8 in Maces & Flails
  4923 | D:5      | Reached **** piety under Trog
  5008 | D:5      | Found a runed translucent door.
  5018 | D:5      | Noticed Crazy Yiuf
  5046 | D:5      | Killed Crazy Yiuf
  5113 | D:5      | Found a white marble altar of Elyvilon.
  5483 | D:6      | Reached skill level 9 in Maces & Flails
  5483 | D:6      | Reached skill level 5 in Dodging
  5725 | D:6      | Reached XP level 9. HP: 77/78 MP: 9/9
  6038 | D:6      | Found a staircase to the Ecumenical Temple.
  6446 | D:6      | Reached skill level 10 in Maces & Flails
  7077 | D:7      | Noticed Menkaure
  7088 | D:7      | Killed Menkaure
  7342 | D:7      | Found a shadowy altar of Dithmenos.
  7739 | D:8      | Reached ***** piety under Trog
  7772 | D:8      | Noticed Psyche
  7793 | D:8      | Killed Psyche
  7794 | D:8      | Reached skill level 11 in Maces & Flails
  7794 | D:8      | Reached XP level 10. HP: 85/88 MP: 10/10
  8163 | D:8      | Found a staircase to the Lair.
  8365 | D:8      | Received a gift from Trog
  8815 | D:8      | Identified the +6 dagger "Ogre's Demise" {protect, +Blink
                  | rPois rC- Will+}
  8896 | D:9      | Found a staircase to the Orcish Mines.
  8908 | D:9      | Reached skill level 5 in Stealth
  9007 | D:9      | Noticed a two-headed ogre
  9018 | D:9      | Killed a two-headed ogre
  9658 | D:10     | Entered Level 10 of the Dungeon
  9767 | D:10     | Reached skill level 12 in Maces & Flails
 10361 | D:10     | Found a portal to a secret trove of treasure.
 10426 | D:10     | Reached XP level 11. HP: 85/97 MP: 11/11
 11013 | D:10     | Found a broken altar of Ashenzari.
 11273 | D:10     | Found a stormy altar of Qazlal.
 11281 | D:10     | Found a basalt altar of Yredelemnul.
 11286 | D:10     | Found a blossoming altar of Fedhas.
 11293 | D:10     | Found a shimmering altar of Xom.
 11299 | D:10     | Found a hazy altar of Hepliaklqana.
 11306 | D:10     | Found an ancient bone altar of Kikubaaqudgha.
 11312 | D:10     | Found a sparkling altar of Nemelex Xobeh.
 11476 | D:11     | Noticed a two-headed ogre
 11747 | D:11     | Killed a two-headed ogre
 11748 | D:11     | Reached skill level 13 in Maces & Flails
 11836 | D:11     | Noticed a two-headed ogre
 11852 | D:11     | Killed a two-headed ogre
 11902 | D:11     | Noticed Erica
 11917 | D:11     | Killed Erica
 12081 | D:11     | Noticed a centaur warrior
 12098 | D:11     | Killed a centaur warrior
 12101 | D:11     | Reached skill level 10 in Fighting
 12380 | D:11     | Noticed a two-headed ogre
 12400 | D:11     | Killed a two-headed ogre
 12766 | D:12     | Noticed a deep elf pyromancer
 12778 | D:12     | Killed a deep elf pyromancer
 12797 | D:12     | Noticed a deep elf pyromancer
 12808 | D:12     | Killed a deep elf pyromancer
 12809 | D:12     | Reached skill level 14 in Maces & Flails
 12899 | D:12     | Found a runed translucent door.
 12899 | D:12     | Noticed xian's ghost (novice DEHu)
 12923 | D:12     | Killed xian's ghost
 12925 | D:12     | Identified the +6 plate armour of Vosycvup {*Corrode rF+
                  | Regen+}
 12958 | D:12     | Reached XP level 12. HP: 94/107 MP: 12/12
 13070 | D:12     | Noticed a boulder beetle
 13228 | D:12     | Killed a boulder beetle
 14951 | D:13     | Noticed a centaur warrior
 15143 | D:13     | HP: 6/165 [centaur warrior/+0 war axe (8)]
 15143 | D:13     | Slain by a centaur warrior

Illustrated notes

Levels and vault maps discovered:
D:1:      ebering_trefoil_twist, layout_basic,
          dilly_ecumenical_altar_fadedgnrine, roderic_st_hans_cross
D:2:      layout_basic
D:3:      layout_rooms, bloody_trog, minmay_bisected
D:4:      minmay_razor_zed, layout_cave_pools, hangedman_decor_slide_cut,
          nicolae_titane, uniq_edmund, uniq_pikel
D:5:      layout_loops_ring, mainiacjoe_overflow_alcove_4,
          uniq_crazy_yiuf_cottage
D:6:      minmay_angry_zag, layout_loops_ring,
          minmay_temple_entry_drinking_statues
D:7:      layout_loops_cross, mainiacjoe_overflow_small_starburst, uniq_menkaure
D:8:      layout_basic, lair_entry_dummy, uniq_psyche
D:9:      layout_rooms, orc_0_dummy
D:10:     layout_roguey, mainiacjoe_overflow_cross_hatched,
          grunt_temple_overflow_octagram, serial_curves, eino_curves_04,
          eino_curves_03, nicolae_trove_entry_crystal
D:11:     layout_basic, uniq_erica
D:12:     layout_basic, gammafunk_ghost_grave, chequers_avenue,
          kennysheep_generic_room_15
D:13:     minmay_the_grid_octo_tiled_squarecenter_mashed
          [minmay_the_grid_octo_checkered, minmay_the_grid_octo_77,
          minmay_the_grid_octo_pinwheel, minmay_the_grid_octo_thin_diamonds,
          minmay_the_grid_square_5x5_megaprize_diamond,
          minmay_the_grid_square_5x5_eight, minmay_the_grid_square_5x5_six,
          minmay_the_grid_square_5x5_c, minmay_the_grid_square_5x5_fat_x],
          layout_cave_pods, uniq_erolcha

Skill      XL: |  1  2  3  4  5  6  7  8  9 10 11 12 |
---------------+-------------------------------------+-----
Dodging        | 3 4 5 6 7 |  7.9
Fighting       | 4 5 6 7 9 10 11 | 11.2
Maces & Flails | 4 5 6 7 9 11 12 14 | 14.9
Stealth        | 1 2 3 4 5 7 |  7.5
Throwing       | |  0.1
Evocations     | |  0.9

Action                   |  1- 3 |  4- 6 |  7- 9 | 10-12 || total
-------------------------+-------+-------+-------+-------++-------
Melee: Mace              |   128 |    98 |     5 |       ||   231
       Tailslap          |    12 |    15 |    43 |    68 ||   138
       Punch             |     2 |     1 |     4 |     7 ||    14
       Morningstar       |       |    48 |   292 |   348 ||   688
       Flail             |       |       |       |    52 ||    52
Throw: Dart              |       |     1 |       |       ||     1
Invok: Berserk           |       |     2 |     4 |     4 ||    10
       Trog's Hand       |       |       |       |     1 ||     1
       Brothers in Arms  |       |       |       |     1 ||     1
 Abil: Breathe Noxious F |       |       |    19 |    26 ||    45
Evoke: Wand              |       |     4 |       |       ||     4
  Use: Scroll            |       |       |     9 |     2 ||    11
       Potion            |       |       |       |     3 ||     3
 Stab: Sleeping          |       |     3 |     7 |     4 ||    14
       Confused          |       |       |    12 |    12 ||    24
Armor: Skin              |    75 |    45 |    81 |   108 ||   309
Dodge: Dodged            |    95 |   111 |   182 |   237 ||   625
       Repelled          |       |       |     1 |     6 ||     7

Table legend: (Time is in decaauts)
 A = Elapsed time spent in this place.
 B = Non-inter-level travel time spent in this place.
 C = Inter-level travel time spent in this place.
 D = Time resting spent in this place.
 E = Time spent auto-exploring this place.
 F = Levels seen in this place.
 G = Mean time per level.
                   A        B        C        D        E       F      G
               +--------+--------+--------+--------+--------+-----+--------+
         Total |  15255 |  14969 |    286 |   1561 |  11000 |  13 | 1173.5 |
       Dungeon |  15255 |  14969 |    286 |   1561 |  11000 |  13 | 1173.5 |
               +--------+--------+--------+--------+--------+-----+--------+

Top non-repeatable levels by time:
    D:12: 2191 daAuts
    D:10: 2032 daAuts
     D:4: 1447 daAuts
     D:5: 1222 daAuts
     D:6: 1205 daAuts
     D:8: 1191 daAuts
     D:2: 1121 daAuts
     D:7: 1077 daAuts
    D:11: 1059 daAuts
     D:1: 910 daAuts
     D:3: 843 daAuts
     D:9: 764 daAuts
    D:13: 186 daAuts
